 Dungeon Crawl Stone Soup version 0.26-a0-800-g517d6fe721 (webtiles) character file.

Game seed: 7413962828820373387

465931 karrick the Victor of a Thousand Battles (level 23, -3/192 HPs)
             Began as a Demonspawn Gladiator on Nov 11, 2020.
             Was the Champion of Okawaru.
             Slain by an alligator snapping turtle (22 damage)
             ... on level 2 of the Shoals.
             The game lasted 02:39:43 (64744 turns).

karrick the Victor of a Thousand Battles (DsGl)    Turns: 64744, Time: 02:39:45

Health: -3/192     AC: 34    Str: 24    XL:     23   Next: 70%
Magic:  0/37       EV: 23    Int: 15    God:    Okawaru [******]
Gold:   2851       SH: 10    Dex: 22    Spells: 13/22 levels left

rFire    + + .     SeeInvis +   l - +9 war axe (vamp)
rCold    + . .     Faith    +   R - +2 buckler {rF+}
rNeg     + . .     Spirit   +   N - +5 ring mail of Protective Custody {MR+ SInv}
rPois    .         Reflect  .   m - +2 helmet {Int+3}
rElec    .         Harm     .   c - +2 cloak {rCorr}
rCorr    +         Rampage  .   (gloves unavailable)
MR       ++...                  L - +0 pair of boots "Ygyk" {rCorr Slay+3}
Stlth    +++++++++.             O - amulet of faith
HPRegen  0.42/turn              W - ring "Ygreily" {rF+ Str+3 Slay+3}
MPRegen  0.50/turn              j - +4 ring of protection

@: lethally poisoned (-3 -> -4), studying Summonings
A: claws 3, thin skeletal structure 3, cold resistance 1, icemail, negative
energy resistance 1, 50% torment resistance, magic shield, magic regeneration,
magic link, freezing cloud immunity
}: 1/15 runes: decaying
a: Heroism, Finesse, Renounce Religion


You were on level 2 of the Shoals.
You worshipped Okawaru.
Okawaru was exalted by your worship.
You visited 10 branches of the dungeon, and saw 44 of its levels.
You visited the Abyss 2 times.
You visited 1 bazaar.
You also visited: Sewer, Ice Cave, Volcano and Wizlab.

You collected 6377 gold pieces.
You spent 3526 gold pieces at shops.

Inventory:

Hand Weapons
 a - the +8 battleaxe of Sloth {venom, rF+ MR+ Dex+5}
   (Okawaru gifted it to you on level 15 of the Dungeon)

   It poisons the flesh of those it strikes.
   It affects your dexterity (+5).
   It protects you from fire.
   It affects your resistance to hostile enchantments.
 l - a +9 vampiric war axe (weapon)
 w - a +6 war axe of flaming
Armour
 c - a +2 cloak of preservation (worn)
 d - quicksilver dragon scales
 m - a +2 helmet of intelligence (worn)
 u - a +2 pair of boots of rampaging
 x - the +0 pair of boots of Lilacs {-Cast +Fly Str+8 Dex-3 Stlth+}
   (You found it in an ice cave)

   It affects your strength (+8).
   It affects your dexterity (-3).
   It lets you fly.
   It prevents spellcasting.
   It makes you more stealthy.
 H - the +6 tower shield "Dukuodih" {rN+ Int+3}
   (Okawaru gifted it to you on level 3 of the Elven Halls)

   It affects your intelligence (+3).
   It protects you from negative energy.
 J - the +1 troll leather armour "Ineet" {Regen+ rCorr Int+2}
   (Okawaru gifted it to you on level 4 of the Vaults)

   It affects your intelligence (+2).
   It increases your rate of regeneration.
   It provides partial protection from all sources of acid and corrosion.
 L - the +0 pair of boots "Ygyk" (worn) {rCorr Slay+3}
   (Okawaru gifted it to you on level 12 of the Dungeon)

   It affects your accuracy and damage with ranged weapons and melee attacks
   (+3).
   It provides partial protection from all sources of acid and corrosion.
 N - the +5 ring mail of Protective Custody (worn) {MR+ SInv}
   (Okawaru gifted it to you on level 15 of the Dungeon)

   It affects your resistance to hostile enchantments.
   It lets you see invisible.
 R - a +2 buckler of fire resistance (worn)
Jewellery
 j - a +4 ring of protection (right claw)
 k - the ring "Tecaul" {rElec rN+ Int+4 Stlth+}
   (You took it off a deep elf blademaster on level 3 of the Elven Halls)

   [ring of stealth]

   It affects your intelligence (+4).
   It insulates you from electricity.
   It protects you from negative energy.
   It makes you more stealthy.
 n - the ring "Cuakier" {rF++ Int+3 Dex-4 Slay+4}
   (You took it off a tengu reaver on level 4 of the Depths)

   [ring of slaying]

   It affects your intelligence (+3).
   It affects your dexterity (-4).
   It affects your accuracy and damage with ranged weapons and melee attacks
   (+4).
   It greatly protects you from fire.
 y - the ring of the Final Decision {Wiz Str+6 Dex+4}
   (You bought it in a shop on level 2 of the Orcish Mines)

   [ring of wizardry]

   It improves your spell success rate.
   It affects your strength (+6).
   It affects your dexterity (+4).
 z - the amulet of Darkness {Regen+ Int+3}
   (You found it on level 2 of the Lair of Beasts)

   [amulet of regeneration]

   It affects your intelligence (+3).
   It increases your rate of regeneration.
 D - the ring "Oxosmur" {+Blink rF+ Slay+3}
   (You found it on level 4 of the Depths)

   [ring of protection from fire]

   It affects your accuracy and damage with ranged weapons and melee attacks
   (+3).
   It protects you from fire.
   It lets you blink.
 O - an amulet of faith (around neck)
 T - the ring "Orpheo Zokhy" {+Fly rF- MP+9 Str+4 Dex+2}
   (You found it in a wizard's laboratory)

   [ring of flight]

   It affects your strength (+4).
   It affects your dexterity (+2).
   It makes you vulnerable to fire.
   It affects your magic capacity (+9).
   It lets you fly.
 U - the ring "Kat Zubu" {rF+ rN+ rCorr Int+3}
   (You found it in a wizard's laboratory)

   [ring of resist corrosion]

   It affects your intelligence (+3).
   It protects you from fire.
   It protects you from negative energy.
   It provides partial protection from all sources of acid and corrosion.
 W - the ring "Ygreily" (left claw) {rF+ Str+3 Slay+3}
   (You found it on level 3 of the Depths)

   [ring of protection from fire]

   It affects your strength (+3).
   It affects your accuracy and damage with ranged weapons and melee attacks
   (+3).
   It protects you from fire.
Wands
 Z - a wand of acid (10)
Scrolls
 e - 7 scrolls of fog
 g - 28 scrolls of remove curse
 p - 14 scrolls of amnesia
 q - 4 scrolls of identify
 r - 14 scrolls of blinking
 v - 8 scrolls of enchant armour
 G - 25 scrolls of teleportation
 M - 2 scrolls of silence
 S - a scroll of enchant weapon
Potions
 b - 2 potions of resistance
 h - 2 potions of cancellation
 o - 14 potions of heal wounds
 s - 3 potions of ambrosia
 A - 6 potions of brilliance
 B - 7 potions of lignification
 C - 9 potions of berserk rage
 E - 9 potions of flight
 F - 3 potions of invisibility
 I - 8 potions of magic
 P - 7 potions of might
 Q - 2 potions of haste
 V - 11 potions of curing
 X - 6 potions of mutation
Books
 f - a manual of Summonings
Miscellaneous
 i - a condenser vane
 t - a lightning rod (4/4)
 K - a box of beasts
 Y - a tin of tremorstones (2/2)


   Skills:
 + Level 18.4 Fighting
   Level 0.6 Long Blades
 + Level 19.6 Axes
 + Level 1.9 Throwing
 + Level 9.8 Armour
 + Level 13.2 Dodging
 * Level 17.4 Stealth
 + Level 10.5 Shields
 + Level 0.5 Unarmed Combat
 * Level 11.1 Summonings
 * Level 21.1 Invocations
 + Level 0.3 Evocations


You had 13 spell levels left.
You knew the following spells:

 Your Spells              Type           Power        Failure   Level
a - Swiftness             Air            #.......     50%         2
b - Dispel Undead         Necr           #.......     98%         4
c - Call Canine Familiar  Summ           ####....     1%          3

Your spell library contained the following spells:

 Spells                   Type           Power        Failure   Level
 Summon Small Mammal      Summ           ####         1%          1
 Call Imp                 Summ           ####....     1%          2
 Summon Demon             Summ           ####......   11%         5
 Summon Guardian Golem    Hex/Summ       ###.....     12%         3
 Animate Skeleton         Necr           #.....       36%         1
 Apportation              Tloc           #.....       36%         1
 Corona                   Hex            #......      36%         1
 Foxfire                  Conj/Fire      #...         36%         1
 Freeze                   Ice            #...         36%         1
 Magic Dart               Conj           #...         36%         1
 Pain                     Necr           #...         36%         1
 Shock                    Conj/Air       #...         36%         1
 Summon Ice Beast         Ice/Summ       ###.....     36%         4
 Summon Lightning Spire   Summ/Air       ###.....     36%         4
 Corpse Rot               Necr/Air       N/A          50%         2
 Ensorcelled Hibernation  Hex/Ice        #.....       50%         2
 Searing Ray              Conj           #.....       50%         2
 Sublimation of Blood     Necr           #.........   50%         2
 Shadow Creatures         Summ           N/A          52%         6
 Summon Forest            Summ/Tloc      ###.......   71%         5
 Summon Mana Viper        Hex/Summ       ###.....     71%         5
 Confusing Touch          Hex            #.......     75%         3
 Conjure Flame            Conj/Fire      #.......     75%         3
 Dazzling Flash           Conj/Hex       #.....       75%         3
 Frozen Ramparts          Ice            #.....       75%         3
 Inner Flame              Hex/Fire       #.......     75%         3
 Lesser Beckoning         Tloc           #.........   75%         3
 Ozocubu's Armour         Ice            #.......     75%         3
 Static Discharge         Conj/Air       #.......     75%         3
 Tukima's Dance           Hex            #.......     75%         3
 Vampiric Draining        Necr           #.........   75%         3
 Summon Hydra             Summ           ####......   97%         7
 Airstrike                Air            #.........   98%         4
 Animate Dead             Necr           #.........   98%         4
 Fulminant Prism          Conj/Hex       #.........   98%         4
 Hailstorm                Conj/Ice       #.......     98%         4
 Ice Form                 Ice/Tmut       #.......     98%         4
 Iskenderun's Mystic Bla  Conj/Tloc      #.......     98%         4
 Leda's Liquefaction      Hex/Erth       #.........   98%         4
 Sticky Flame             Conj/Fire      #.......     98%         4
 Agony                    Necr           #.......     100%        5
 Alistair's Intoxication  Tmut/Pois      #........    100%        5
 Bolt of Magma            Conj/Fire/Erth #.........   100%        5
 Borgnjor's Vile Clutch   Necr/Erth      #.........   100%        5
 Excruciating Wounds      Necr           #.........   100%        5
 Fireball                 Conj/Fire      #.........   100%        5
 Irradiate                Conj/Tmut      #.........   100%        5
 Lightning Bolt           Conj/Air       #.........   100%        5
 Metabolic Englaciation   Hex/Ice        #.........   100%        5
 Silence                  Hex/Air        #.........   100%        5
 Conjure Ball Lightning   Conj/Air       #.........   100%        6
 Freezing Cloud           Conj/Ice/Air   #.........   100%        6
 Hydra Form               Tmut           #.........   100%        6
 Invisibility             Hex            #.......     100%        6
 Iron Shot                Conj/Erth      #.........   100%        6
 Ozocubu's Refrigeration  Ice            #.........   100%        6
 Simulacrum               Ice/Necr       #.........   100%        6
 Statue Form              Tmut/Erth      #........    100%        6
 Dragon Form              Tmut           #.........   100%        7
 Haunt                    Necr/Summ      ###.......   100%        7
 Malign Gateway           Summ/Tloc      ###.......   100%        7
 Borgnjor's Revivificati  Necr           #.........   100%        8
 Infestation              Necr           #.........   100%        8
 Necromutation            Tmut/Necr      #.........   100%        8
 Death's Door             Necr           #.........   100%        9
 Dragon's Call            Summ           ####......   100%        9
 Shatter                  Erth           #.........   100%        9


Dungeon Overview and Level Annotations

Branches:
Dungeon (15/15)            Temple (1/1) D:7            Lair (6/6) D:9
  Swamp (4/4) Lair:2       Shoals (2/4) Lair:4        Slime (0/5) Lair:6
    Orc (2/2) D:12            Elf (3/3) Orc:2        Vaults (5/5) D:14
  Crypt (0/3) Vaults:2     Depths (5/5) D:15           Hell (visited)
    Zot (0/5) Depths:5      Sewer (visited)           IceCv (visited)
Volcano (visited)          WizLab (visited)
    Dis: Hell:1         Geh: Hell:1         Coc: Hell:1         Tar: Hell:1

Altars:
Ashenzari
Cheibriados
Dithmenos
Elyvilon
Fedhas
Gozag
Hepliaklqana
Kikubaaqudgha
Makhleb
Nemelex Xobeh
Okawaru
Qazlal
Ru
Sif Muna
Trog
Uskayaw
Vehumet
Wu Jian
Xom
Yredelemnul
Zin
The Shining One
Beogh
Jiyva

Shops:
D:7 (   Orc:2 *=[[(   Elf:1 ?   Elf:2 [   Shoals:1 *   Depths:2 !
Depths:4 =}=   Depths:5 }**(

Portals:
Hell: Depths:1 Depths:2 Depths:3 Depths:4 Depths:5
Abyss: Depths:4
Pandemonium: Depths:2 Depths:3 Depths:5
Ziggurat: Depths:4

Annotations:
Lair:4 3 runed translucent doors, Kuerar's ghost, journeyman BaFi
Elf:1 3 runed translucent doors, DatorSojat's ghost, adept SpEn
Depths:4 1 runed translucent door
Hell Geryon


Innate Abilities, Weirdness & Mutations

You have claws for hands.
You have an unnaturally thin skeletal structure. (Dex +6, Stealth++)
Your flesh is cold resistant. (rC+)
A meltable icy envelope protects you from harm. (AC +10)
You resist negative energy. (rN+)
You are somewhat able to resist unholy torments (1 in 2 success).
When hurt, damage is shared between your health and your magic reserves.
You regenerate magic rapidly.
When low on magic, you restore magic in place of health.
You are immune to freezing clouds.


Message History

You cannot read scrolls while unable to breathe!
You slash the water elemental!
The water elemental is almost destroyed.
You slash the alligator snapping turtle!
You feel better.
* * * LOW HITPOINT WARNING * * *
Your lungs strain for air!
You feel sick.
The alligator snapping turtle bites you!!
* * * LOW HITPOINT WARNING * * *
The faun gestures at you while chanting.
You resist with almost no effort. The faun hits you but does no damage.
Unknown command.
You slip free of the water engulfing you.
You gasp with relief as air once again reaches your lungs.
The satyr plays a rousing melody on his pipes!
The faun goes into a battle-frenzy!
The faun misses you.
The alligator snapping turtle bites you from afar!!
You die...

...P ....... .<≈≈
#.....P.. ≈≈≈≈≈ #........
≈≈≈≈≈. #......P.
.≈≈≈≈≈≈≈.. #........
#.≈≈≈≈≈≈.####c..c...P
##.≈.≈≈≈≈.))#)c...PP..
####.≈≈≈≈≈≈≈≈†t))c.......
..#$.≈≈≈≈≈.≈.(.E@........
.....≈≈≈≈.............P..
....≈≈.....###...........
......≈$....##...≈....≈≈≈
......≈...........≈≈≈≈≈≈≈
≈...........###....≈≈≈≈≈≈
≈≈.........## ..≈≈≈≈≈≈≈≈≈
<≈≈.≈≈...#.##..≈≈≈≈≈≈≈≈≈≈
≈≈≈≈≈≈..##...$.≈≈≈≈.≈≈≈≈


You could see an alligator snapping turtle, a satyr, 3 fauns and a water
elemental.

Vanquished Creatures
  2 juggernauts
  Xtahua (Depths:4)
  Saint Roka (Orc:2)
  Nikola (Swamp:1)
  4 golden dragons
  A Hellbinder (WizLab)
  3 liches (Depths:2)
  Asterion (Vaults:2)
  2 titans
  3 deep elf blademasters
  A sphinx (Depths:2)
  Gastronok (Lair:3)
  Frances (D:13)
  3 quicksilver dragons
  2 deep elf master archers (Elf:3)
  A tentacled starspawn (Abyss:3)
  5 thorn hunters (Swamp:3)
  A revenant (Vaults:2)
  3 shadow dragons
  A storm dragon (Depths:5)
  2 tengu reavers (Depths:4)
  Donald (Shoals:2)
  8 frost giants
  6 fire giants
  4 deep elf sorcerers
  3 deep elf elementalists
  2 balrugs
  10 vault wardens
  An orc warlord (Vaults:4)
  A cacodemon (WizLab)
  2 draconian shifters (Depths:5)
  13 ironheart preservers
  2 ghouls
  9 spriggan defenders
  A reaper (Depths:4)
  21 very ugly things
  The ghost of ShutUppercut the Imperceptible, an adept SpEn of Kikubaaqudgha (Shoals:1)
  A vampire knight (Depths:3)
  16 stone giants
  A green draconian (Depths:5)
  An entropy weaver (Vaults:4)
  6 deep elf annihilators
  A lorocyproca (WizLab)
  A purple draconian (Depths:5)
  5 deep elf demonologists
  5 bunyips
  A red draconian (Depths:5)
  6 spark wasps
  3 deep elf death magi
  2 eleionomae
  A blizzard demon (WizLab)
  9 ettins
  2 green deaths (WizLab)
  11 yaktaur captains
  3 merfolk impalers
  11 great orbs of eyes
  4 shambling mangroves
  7 fire dragons
  16 ogre magi
  13 vault guards
  24 hydras
  A deep elf high priest (Elf:3)
  2 hell beasts (WizLab)
  4 rakshasas
  2 ghost crabs
  4 ice dragons
  6 boulder beetles
  7 spriggan air magi
  16 centaur warriors
  A catoblepas (Lair:4)
  19 dancing weapons
  8 alligators
  47 two-headed ogres
  6 death knights
  The ghost of Sun the Covert, a journeyman KoMo of Ashenzari (D:8)
  A satyr (Shoals:2)
  11 deep troll shamans
  6 death yaks
  The ghost of ArcanElement the Thaumaturge, a journeyman DEWz of Sif Muna (Lair:2)
  6 tengu warriors
  3 thrashing horrors (Abyss:3)
  7 deep troll earth magi
  3 vampire magi
  4 orc high priests
  Urug (D:13)
  15 deep elf knights
  12 hell knights
  12 spriggan berserkers
  A storm dragon zombie (Vaults:4)
  A soul eater (Abyss:3)
  Nergalle (D:12)
  2 sun demons (Depths:5)
  8 iron trolls
  A storm dragon skeleton (Depths:1)
  5 skeletal warriors
  5 sixfirhies
  6 sea snakes
  6 flayed ghosts
  13 bog bodies
  3 spriggan druids
  A golden dragon skeleton (Depths:4)
  6 wizards
  2 starcursed masses (Abyss:2)
  18 deep trolls
  A glowing orange brain (Vaults:1)
  9 unseen horrors
  A shadow dragon zombie (Depths:4)
  4 phantasmal warriors
  5 swamp dragons
  10 ironbrand convokers
  13 harpies
  6 deep elf archers
  Pikel (D:5)
  18 orc knights
  8 necromancers
  6 oklob plants
  4 cyclopes
  2 manticores (shapeshifter) (Vaults:1)
  2 tengu skeletons
  8 manticores
  45 deep elf magi
  A wolf spider (shapeshifter) (Depths:3)
  25 ugly things
  An orb spider (shapeshifter) (Elf:3)
  6 will-o-the-wisps
  4 wolf spiders
  15 fauns
  2 salamanders
  A stone giant skeleton (Vaults:4)
  6 orc sorcerers
  3 merfolk sirens
  5 elephants (Lair:6)
  4 black mambas
  8 vault sentinels
  A centaur zombie (D:12)
  A frost giant skeleton (Depths:1)
  3 rust devils
  Joseph (D:9)
  A water nymph (Shoals:2)
  An apocalypse crab (Abyss:3)
  6 orange demons (WizLab)
  3 ice statues (IceCv)
  Maurice (D:10)
  A hellion (WizLab)
  12 cane toads
  2 gargoyles
  Maggie (D:9)
  A spriggan skeleton (Depths:4)
  A storm dragon simulacrum (Depths:1)
  2 rime drakes (shapeshifter)
  2 centaur skeletons
  9 ice devils
  8 tengu conjurers
  41 yaktaurs
  A tormentor (Depths:5)
  4 rime drakes
  13 komodo dragons
  A yaktaur skeleton (Depths:1)
  7 trolls
  10 freezing wraiths
  3 red devils (WizLab)
  5 polar bears
  A queen bee (shapeshifter) (Depths:2)
  2 bloated husks
  A meliai (shapeshifter) (Vaults:1)
  24 slime creatures
  11 tyrant leeches
  A slime creature (shapeshifter) (Depths:5)
  Prince Ribbit (D:5)
  A raiju (Abyss:3)
  24 blink frogs
  2 spectral merfolk (Shoals:1)
  8 merfolk
  2 wind drakes
  A spriggan zombie (Depths:1)
  31 hornets
  A fire giant simulacrum (Depths:1)
  A fire dragon zombie (Depths:1)
  Grinder (D:6)
  7 dream sheep
  A snapping turtle (Shoals:2)
  A frost giant simulacrum (Depths:4)
  2 air elementals (Elf:3)
  A spectral wind drake (Shoals:1)
  A meliai zombie (D:15)
  2 redbacks (Vaults:4)
  A shadow (D:12)
  31 spriggans
  2 large abominations (Abyss:3)
  2 ynoxinuls
  19 water elementals
  A tarantella (Vaults:4)
  9 wyverns
  7 wraiths
  A fire elemental (Elf:2)
  2 fire bats (Volcano)
  A steam dragon (D:11)
  5 vampire mosquitoes
  6 basilisks
  4 neqoxecs
  5 chaos spawn
  32 yaks
  A sea snake simulacrum (Shoals:1)
  4 acid dragons
  7 swamp worms
  5 wargs
  2 acid dragons (shapeshifter)
  17 water moccasins
  A water moccasin (shapeshifter) (Vaults:2)
  A hell hound (Volcano)
  A floating eye (Depths:4)
  A black bear (shapeshifter) (D:13)
  17 swamp drakes
  5 merfolk simulacra (Shoals:1)
  3 ice beasts
  46 orc warriors
  6 black bears
  3 sky beasts
  An eye of draining (shapeshifter) (Vaults:4)
  4 necrophages (Swamp:2)
  26 wolves
  44 ogres
  6 boggarts
  24 centaurs
  A wind drake simulacrum (Shoals:1)
  A spectral cyclops (Shoals:1)
  Blork the orc (Orc:2)
  5 big kobolds
  A small abomination (Abyss:3)
  22 bullfrogs
  3 earth elementals
  A wyvern zombie (D:13)
  A water nymph simulacrum (Shoals:1)
  A wyvern skeleton (D:9)
  A scorpion (D:12)
  8 killer bees
  5 wights (D:6)
  2 electric eels (D:15)
  4 howler monkeys
  A crimson imp (Depths:3)
  3 quasits
  A draconian simulacrum (IceCv)
  An iron imp (Abyss:3)
  4 jellies
  A bullfrog zombie (D:12)
  21 orc priests
  Crazy Yiuf (D:5)
  4 bullfrog skeletons
  2 hounds
  6 iguanas
  18 orc wizards
  14 worker ants
  A spriggan simulacrum (IceCv)
  3 troll simulacra (IceCv)
  A centaur simulacrum (IceCv)
  A hound zombie (D:8)
  2 hound skeletons
  2 howler monkey zombies
  A howler monkey skeleton (D:8)
  A worker ant zombie (D:9)
  2 gnolls (D:9)
  17 adders
  3 naga simulacra (IceCv)
  An ogre simulacrum (IceCv)
  14 white imps
  3 ufetubi
  2 worms
  A dart slug (D:3)
  12 leopard geckos
  81 orcs
  5 giant cockroaches
  7 goblins
  8 hobgoblins
  13 jackals
  23 kobolds
  6 quokkas
  7 bats
  4 frilled lizards
  A jackal skeleton (D:5)
  A jackal zombie (D:8)
  A leopard gecko skeleton (D:6)
  A leopard gecko zombie (D:5)
  9 rats
  A briar patch (Swamp:3)
  A starspawn tentacle (Abyss:3)
1777 creatures vanquished.

Vanquished Creatures (collateral kills)
  A black sun (WizLab)
1 creature vanquished.

Vanquished Creatures (others)
  A fire giant (Depths:2)
  A deep elf high priest (Elf:3)
  A spriggan berserker (Swamp:4)
  A goliath frog (Swamp:3)
  A swamp worm (Swamp:2)
  A boggart (Vaults:2)
  An orc priest (Orc:1)
  An orc wizard (Orc:1)
  2 gnolls (D:9)
  An orc (Orc:1)
  2 briar patches (Swamp:3)
  18 foxfires
  29 fungi
  140 plants
  A starspawn tentacle (Abyss:3)
201 creatures vanquished.

Grand Total: 1979 creatures vanquished

Notes
Turn   | Place    | Note
-------+----------+-------------------------------------------
     0 | D:1      | karrick the Demonspawn Gladiator began the quest for the
                  | Orb.
     0 | D:1      | Reached XP level 1. HP: 16/16 MP: 1/1
   260 | D:1      | Gained mutation: Your flesh is cold resistant. (rC+)
                  | [demonic ancestry]
   260 | D:1      | Reached XP level 2. HP: 18/22 MP: 2/2
  1008 | D:2      | Gained mutation: You have a somewhat thin skeletal
                  | structure. (Dex +2, Stealth) [demonic ancestry]
  1008 | D:2      | Reached XP level 3. HP: 23/27 MP: 3/3
  1143 | D:2      | Reached skill level 1 in Armour
  1147 | D:2      | Found a faded altar of an unknown god.
  1381 | D:2      | Gained mutation: You have a moderately thin skeletal
                  | structure. (Dex +4, Stealth+) [demonic ancestry]
  1381 | D:2      | Reached XP level 4. HP: 33/33 MP: 4/4
  1523 | D:2      | Found a white marble altar of Elyvilon.
  1795 | D:3      | Reached skill level 1 in Stealth
  2033 | D:3      | Noticed an ice beast
  2221 | D:3      | Reached XP level 5. HP: 38/38 MP: 5/5
  2669 | D:3      | Found a shadowy altar of Dithmenos.
  3150 | D:4      | Gained mutation: You have sharp fingernails. [demonic
                  | ancestry]
  3150 | D:4      | Reached XP level 6. HP: 38/46 MP: 6/6
  3671 | D:5      | Entered Level 5 of the Dungeon
  4072 | D:5      | Noticed Prince Ribbit
  4075 | D:5      | Killed Prince Ribbit
  4075 | D:5      | Reached skill level 5 in Axes
  4075 | D:5      | Reached XP level 7. HP: 31/51 MP: 7/7
  4525 | D:5      | Noticed Pikel
  4532 | D:5      | Killed Pikel
  4532 | D:5      | Gained mutation: When hurt, damage is shared between your
                  | health and your magic reserves. [demonic ancestry]
  4532 | D:5      | Reached XP level 8. HP: 46/58 MP: 8/8
  4724 | D:5      | Found a runed translucent door.
  4726 | D:5      | Noticed Crazy Yiuf
  4742 | D:5      | Killed Crazy Yiuf
  5159 | D:6      | Noticed Grinder
  5173 | D:6      | Killed Grinder
  5249 | D:6      | Found a glowing drain.
  5267 | Sewer    | Entered a sewer
  5951 | D:7      | Reached XP level 9. HP: 61/66 MP: 7/9
  6038 | D:7      | Found a staircase to the Ecumenical Temple.
  6047 | Temple   | Entered the Ecumenical Temple
  6089 | D:7      | Found Qitelurch's Weapon Boutique.
  6351 | D:8      | Noticed Sun's ghost (journeyman KoMo)
  6352 | D:8      | Found a runed translucent door.
  6423 | D:8      | Reached skill level 5 in Stealth
  7423 | D:9      | Noticed Maggie
  7466 | D:10     | Entered Level 10 of the Dungeon
  7589 | D:10     | Noticed Maurice
  7777 | D:10     | Killed Maurice
  7777 | D:10     | Reached skill level 5 in Fighting
  7777 | D:10     | Reached skill level 5 in Dodging
  7984 | D:10     | Gained mutation: You have an unnaturally thin skeletal
                  | structure. (Dex +6, Stealth++) [demonic ancestry]
  7984 | D:10     | Reached XP level 10. HP: 33/74 MP: 4/10
  8729 | D:11     | Noticed a cyclops
  8739 | D:11     | HP: 3/76 [cyclops (16)]
  9098 | D:11     | Killed an unseen horror
  9546 | D:9      | Found an iron altar of Okawaru.
  9554 | D:9      | Became a worshipper of Warmaster Okawaru
  9589 | D:9      | Killed Maggie
  9775 | D:9      | Reached * piety under Okawaru
  9791 | D:9      | Found a white marble altar of Elyvilon.
  9803 | D:9      | Found a basalt altar of Yredelemnul.
  9803 | D:9      | Found a stormy altar of Qazlal.
  9803 | D:9      | Found a burning altar of Makhleb.
  9804 | D:9      | Found a hide-covered altar of Uskayaw.
  9808 | D:9      | Found a sacrificial altar of Ru.
  9809 | D:9      | Found a broken altar of Ashenzari.
  9810 | D:9      | Found a shimmering altar of Xom.
  9811 | D:9      | Found a sparkling altar of Nemelex Xobeh.
 10163 | D:9      | Noticed Joseph
 10187 | D:9      | Reached skill level 10 in Axes
 10215 | D:9      | Killed Joseph
 10244 | D:9      | Reached ** piety under Okawaru
 10629 | D:9      | Found a staircase to the Lair.
 10925 | D:9      | Reached XP level 11. HP: 60/83 MP: 9/11
 11111 | D:11     | Reached *** piety under Okawaru
 11516 | D:11     | Reached **** piety under Okawaru
 11950 | D:12     | Reached ***** piety under Okawaru
 11950 | D:12     | Reached skill level 1 in Invocations
 12035 | D:12     | Noticed a boulder beetle
 12054 | D:12     | Killed a boulder beetle
 12054 | D:12     | Reached skill level 2 in Invocations
 12183 | D:12     | Noticed a two-headed ogre
 12196 | D:12     | Killed a two-headed ogre
 12314 | D:12     | Found a roughly hewn altar of Beogh.
 12314 | D:12     | Found a staircase to the Orcish Mines.
 12542 | D:12     | Reached skill level 3 in Invocations
 12547 | D:12     | Noticed a deep elf mage
 12563 | D:12     | Killed a deep elf mage
 12822 | D:12     | Received a gift from Okawaru
 12830 | D:12     | Reached skill level 4 in Invocations
 12839 | D:12     | Got a pair of scorched boots {god gift}
 12845 | D:12     | Identified the +0 pair of boots "Ygyk" {rCorr Slay+3}
                  | (Okawaru gifted it to you on level 12 of the Dungeon)
 12864 | D:12     | Noticed Nergalle
 12877 | D:12     | Killed Nergalle
 12877 | D:12     | Gained mutation: You have very sharp fingernails. [demonic
                  | ancestry]
 12877 | D:12     | Reached XP level 12. HP: 77/92 MP: 11/15
 13279 | D:13     | Noticed a centaur warrior
 13293 | D:13     | Killed a centaur warrior
 13378 | D:13     | Noticed a centaur warrior
 13387 | D:13     | Killed a centaur warrior
 13401 | D:13     | Noticed Frances
 13420 | D:13     | Killed Frances
 13420 | D:13     | Reached skill level 5 in Invocations
 13486 | D:13     | Noticed a two-headed ogre
 13645 | D:13     | Killed a two-headed ogre
 13645 | D:13     | Received a gift from Okawaru
 13793 | D:13     | Noticed a centaur warrior
 13806 | D:13     | Killed a centaur warrior
 13806 | D:13     | Reached skill level 6 in Invocations
 13832 | D:13     | Noticed a boulder beetle
 13846 | D:13     | Killed a boulder beetle
 14115 | D:13     | Noticed Urug
 14130 | D:13     | Killed Urug
 14814 | D:14     | Noticed a centaur warrior
 14825 | D:14     | Reached ****** piety under Okawaru
 14834 | D:14     | Killed a centaur warrior
 14834 | D:14     | Received a gift from Okawaru
 14834 | D:14     | Reached skill level 7 in Invocations
 14845 | D:14     | Identified a scroll of acquirement
 15389 | D:14     | Noticed a death knight
 15585 | D:8      | Killed Sun's ghost
 15907 | D:9      | Noticed a three-headed hydra
 15914 | D:9      | Killed a one-headed hydra
 16061 | D:14     | Reached skill level 10 in Stealth
 16061 | D:14     | Reached XP level 13. HP: 85/101 MP: 15/18
 16515 | D:14     | Reached skill level 8 in Invocations
 16671 | D:15     | Entered Level 15 of the Dungeon
 16697 | D:15     | Received a gift from Okawaru
 16731 | D:15     | Got a scorched battleaxe {god gift}
 17674 | D:15     | Reached skill level 9 in Invocations
 17864 | D:15     | Received a gift from Okawaru
 17879 | D:15     | Got a jewelled ring mail {god gift}
 17890 | D:15     | Identified the +5 ring mail of Protective Custody {MR+
                  | SInv} (Okawaru gifted it to you on level 15 of the Dungeon)
 18969 | D:15     | Reached skill level 10 in Fighting
 19518 | D:15     | Found a staircase to the Depths.
 20308 | D:14     | Gained mutation: You regenerate magic rapidly. [demonic
                  | ancestry]
 20308 | D:14     | Reached XP level 14. HP: 90/111 MP: 17/21
 20424 | D:14     | Reached skill level 10 in Invocations
 20444 | D:14     | Found a gate to the Vaults.
 20465 | D:14     | Received a gift from Okawaru
 20633 | D:14     | Reached skill level 5 in Armour
 20645 | D:14     | Got a scorched mace
 20646 | D:14     | Identified the +2 mace of the Living Dead {protect, MR+
                  | Str-5 Stlth+} (You found it on level 14 of the Dungeon)
 21400 | Lair:1   | Entered Level 1 of the Lair of Beasts
 21400 | Lair:1   | Found a dark tunnel.
 21427 | Volcano  | Entered a volcano
 21452 | Volcano  | Received a gift from Okawaru
 22189 | Lair:1   | Received a gift from Okawaru
 22189 | Lair:1   | Reached skill level 1 in Shields
 22986 | Lair:2   | Found a transporter.
 23172 | Lair:2   | Found a transporter.
 23182 | Lair:2   | Noticed ArcanElement's ghost (journeyman DEWz)
 23289 | Lair:2   | Identified the amulet of Darkness {Regen+ Int+3} (You found
                  | it on level 2 of the Lair of Beasts)
 23729 | Lair:2   | Found a staircase to the Swamp.
 23748 | Lair:2   | Reached skill level 11 in Invocations
 24412 | Lair:4   | Found a runed translucent gate.
 24412 | Lair:4   | Found a runed translucent gate.
 24414 | Lair:4   | Found a runed translucent gate.
 24509 | Lair:4   | Noticed Kuerar's ghost (journeyman BaFi)
 24535 | Lair:4   | Found a staircase to the Shoals.
 25094 | Lair:5   | Found a frozen archway.
 25137 | IceCv    | Entered an ice cave
 25357 | IceCv    | Received a gift from Okawaru
 25841 | IceCv    | Got a pair of masterwork boots
 25852 | IceCv    | Identified the +0 pair of boots of Lilacs {-Cast +Fly Str+8
                  | Dex-3 Stlth+} (You found it in an ice cave)
 26636 | Lair:5   | Gained mutation: You have claws for hands. [demonic
                  | ancestry]
 26636 | Lair:5   | Reached XP level 15. HP: 92/119 MP: 18/23
 27419 | Lair:6   | Entered Level 6 of the Lair of Beasts
 27535 | Lair:6   | Reached skill level 12 in Invocations
 27647 | Lair:6   | Received a gift from Okawaru
 28477 | Lair:6   | Identified the +8 battleaxe of Sloth {venom, rF+ MR+ Dex+5}
                  | (Okawaru gifted it to you on level 15 of the Dungeon)
 28557 | Lair:6   | Found a viscous altar of Jiyva.
 28557 | Lair:6   | Found a staircase to the Slime Pits.
 29615 | Lair:3   | Reached skill level 15 in Axes
 29638 | Lair:3   | Received a gift from Okawaru
 30262 | Lair:3   | Noticed Gastronok
 30269 | Lair:3   | Killed Gastronok
 30269 | Lair:3   | Received a gift from Okawaru
 30517 | Lair:2   | Killed ArcanElement's ghost
 30533 | Lair:2   | Got a fading flail
 30720 | Orc:1    | Entered Level 1 of the Orcish Mines
 30741 | Orc:1    | Reached skill level 13 in Invocations
 30874 | Orc:1    | Paralysed by an orc sorcerer for 3 turns
 31587 | Orc:2    | Entered Level 2 of the Orcish Mines
 31678 | Orc:2    | Noticed Blork the orc
 31688 | Orc:2    | Noticed Saint Roka
 31690 | Orc:2    | Killed Blork the orc
 31704 | Orc:2    | Found Ecwan's Armour Boutique.
 32038 | Orc:2    | Found a roughly hewn altar of Beogh.
 32227 | Orc:2    | Found Qyofeecw's Antique Weapon Boutique.
 32239 | Orc:2    | Found Ygylahu's Jewellery Boutique.
 32275 | Orc:2    | Found Naul's Antique Armour Boutique.
 32688 | Orc:2    | Found a staircase to the Elven Halls.
 33131 | Orc:2    | Bought the ring of the Final Decision {Wiz Str+6 Dex+4} for
                  | 754 gold pieces
 33158 | Orc:2    | Killed Saint Roka
 33158 | Orc:2    | Gained mutation: You are immune to freezing clouds.
                  | [demonic ancestry]
 33158 | Orc:2    | Reached XP level 16. HP: 71/127 MP: 12/26
 33345 | Orc:2    | Found Effuikhle's General Store.
 33352 | Orc:2    | Bought a scroll of identify for 36 gold pieces
 33352 | Orc:2    | Bought a scroll of identify for 36 gold pieces
 33745 | Lair:1   | Got a pair of glimmering boots {god gift}
 33756 | Lair:1   | Identified the +1 pair of boots of Vukaesk {Dex+5 Slay-2
                  | SInv} (Okawaru gifted it to you on level 1 of the Lair of
                  | Beasts)
 33944 | Elf:1    | Entered Level 1 of the Elven Halls
 34146 | Elf:1    | Received a gift from Okawaru
 34393 | Elf:1    | Found a runed translucent gate.
 34393 | Elf:1    | Found a runed translucent gate.
 34394 | Elf:1    | Found a runed translucent gate.
 34395 | Elf:1    | Noticed DatorSojat's ghost (adept SpEn)
 34453 | Elf:1    | Identified the +1 robe of the Slightly Bent {+Inv MR- Str+9
                  | Dex-2} (You found it on level 1 of the Elven Halls)
 34920 | Elf:1    | Found Ekucrer's Magic Scroll Shoppe.
 34928 | Elf:1    | Bought a scroll of teleportation for 45 gold pieces
 34928 | Elf:1    | Bought a scroll of teleportation for 45 gold pieces
 34928 | Elf:1    | Bought a scroll of enchant armour for 112 gold pieces
 34928 | Elf:1    | Bought a scroll of identify for 30 gold pieces
 34928 | Elf:1    | Bought a scroll of enchant armour for 112 gold pieces
 34928 | Elf:1    | Bought a scroll of blinking for 112 gold pieces
 34928 | Elf:1    | Bought a scroll of enchant weapon for 112 gold pieces
 35383 | Elf:2    | Found Dyhe's Antique Armour Emporium.
 35388 | Elf:2    | Bought a bronze plate armour for 924 gold pieces
 35390 | Elf:2    | Identified the +3 plate armour "Hulovall" {rElec rCorr
                  | Str+2 Dex+5} (You bought it in a shop on level 2 of the
                  | Elven Halls)
 35472 | Elf:2    | Found a runed translucent gate.
 35472 | Elf:2    | Found a runed translucent gate.
 35474 | Elf:2    | Received a gift from Okawaru
 35475 | Elf:2    | Found a runed translucent gate.
 35888 | Elf:2    | Reached skill level 14 in Invocations
 35924 | Elf:2    | Received a gift from Okawaru
 35929 | Elf:2    | Reached skill level 10 in Dodging
 35942 | Elf:2    | Identified the +4 fustibalus of Okawaru's Outrage {venom,
                  | rC+ MP+9 Int-3} (Okawaru gifted it to you on level 2 of the
                  | Elven Halls)
 36140 | Elf:2    | Noticed a deep elf blademaster
 36156 | Elf:2    | Killed a deep elf blademaster
 36406 | Elf:2    | Received a gift from Okawaru
 36412 | Elf:2    | Got a masterwork lajatang {god gift}
 36418 | Elf:2    | Identified the +5 lajatang "Marphyw" {vorpal, rPois rF+ rC+
                  | Str-3 Int+3} (Okawaru gifted it to you on level 2 of the
                  | Elven Halls)
 36962 | Swamp:1  | Entered Level 1 of the Swamp
 37043 | Swamp:1  | Paralysed by a hornet for 1 turns
 37296 | Swamp:1  | Received a gift from Okawaru
 37531 | Swamp:1  | Noticed Nikola
 37567 | Swamp:1  | Killed Nikola
 37567 | Swamp:1  | Reached XP level 17. HP: 29/135 MP: 4/28
 38296 | Swamp:2  | Reached skill level 5 in Shields
 38429 | Swamp:2  | Reached skill level 15 in Invocations
 38542 | Swamp:2  | You fall into a shaft and drop 1 floor!
 39079 | Swamp:3  | Identified the +1 robe of the Hidden Bones {rCorr} (You
                  | found it on level 3 of the Swamp)
 39176 | Swamp:3  | Received a gift from Okawaru
 39451 | Swamp:3  | Received a gift from Okawaru
 40431 | Swamp:4  | Entered Level 4 of the Swamp
 41971 | Swamp:4  | Received a gift from Okawaru
 42288 | Swamp:4  | Got a decaying rune of Zot
 42692 | Swamp:2  | Gained mutation: You resist negative energy. (rN+) [demonic
                  | ancestry]
 42692 | Swamp:2  | Reached XP level 18. HP: 131/145 MP: 22/29
 42702 | Swamp:2  | Reached skill level 16 in Invocations
 43130 | Vaults:1 | Entered Level 1 of the Vaults
 43657 | Vaults:1 | Received a gift from Okawaru
 43700 | Vaults:1 | Received a gift from Okawaru
 44127 | Vaults:1 | Received a gift from Okawaru
 44385 | Vaults:1 | Found a glowing golden altar of the Shining One.
 44669 | Vaults:2 | Received a gift from Okawaru
 44937 | Vaults:2 | Noticed Asterion
 44964 | Vaults:2 | Killed Asterion
 45073 | Vaults:2 | Reached skill level 17 in Invocations
 45278 | Vaults:2 | Reached XP level 19. HP: 78/153 MP: 27/31
 45394 | Vaults:2 | Received a gift from Okawaru
 45401 | Vaults:2 | Identified the +7 broad axe "Heqops" {vorpal, *Contam Int+8
                  | Stlth+} (Okawaru gifted it to you on level 2 of the Vaults)
 45657 | Vaults:2 | Found a staircase to the Crypt.
 46033 | Vaults:2 | Noticed a Brimstone Fiend
 46472 | Vaults:2 | Received a gift from Okawaru
 46479 | Vaults:2 | Reached skill level 15 in Fighting
 46793 | Vaults:2 | Identified the +5 ring mail of the Endless Expanse {rC+
                  | MR+} (Okawaru gifted it to you on level 2 of the Vaults)
 48235 | Vaults:4 | Received a gift from Okawaru
 48356 | Vaults:4 | Found a gateway to a bazaar.
 48365 | Bazaar   | Entered a bazaar
 48366 | Bazaar   | Found Mamef's Antique Weapon Emporium.
 48373 | Bazaar   | Found Fehiaxkoikh's Magic Scroll Boutique.
 48380 | Bazaar   | Found Paeng's Magic Scroll Shop.
 48381 | Bazaar   | Bought a scroll of identify for 24 gold pieces
 48381 | Bazaar   | Bought a scroll of teleportation for 36 gold pieces
 48388 | Bazaar   | Bought 2 scrolls of identify for 48 gold pieces
 48388 | Bazaar   | Bought a scroll of teleportation for 36 gold pieces
 48388 | Bazaar   | Bought a scroll of teleportation for 36 gold pieces
 48388 | Bazaar   | Bought a scroll of magic mapping for 42 gold pieces
 48388 | Bazaar   | Bought a scroll of blinking for 90 gold pieces
 48388 | Bazaar   | Bought a scroll of identify for 24 gold pieces
 48395 | Bazaar   | Found Necadun's Armour Boutique.
 48395 | Bazaar   | Found Diega's Gadget Boutique.
 49205 | Vaults:4 | Received a gift from Okawaru
 49267 | Vaults:4 | Reached skill level 18 in Invocations
 49306 | Vaults:4 | Received a gift from Okawaru
 49321 | Vaults:4 | Gained mutation: A meltable icy envelope protects you from
                  | harm. (AC +10) [demonic ancestry]
 49321 | Vaults:4 | Reached XP level 20. HP: 163/163 MP: 29/33
 49364 | Vaults:4 | Identified the +1 troll leather armour "Ineet" {Regen+
                  | rCorr Int+2} (Okawaru gifted it to you on level 4 of the
                  | Vaults)
 49707 | Vaults:4 | Reached skill level 15 in Stealth
 50301 | Vaults:5 | Entered Level 5 of the Vaults
 50584 | Elf:3    | Entered Level 3 of the Elven Halls
 50886 | Elf:3    | Received a gift from Okawaru
 50919 | Elf:3    | Identified the +6 tower shield "Dukuodih" {rN+ Int+3}
                  | (Okawaru gifted it to you on level 3 of the Elven Halls)
 50937 | Elf:3    | Identified the Tome of Creative Combat Magic
 51484 | Elf:3    | Cast into level 3 of the Abyss (a deep elf demonologist)
 51728 | Abyss:3  | Found a corrupted altar of Lugonu.
 51786 | Abyss:3  | Found a corrupted altar of Lugonu.
 51841 | Elf:3    | Escaped the Abyss
 51961 | Elf:3    | Identified the +8 quarterstaff "Pesuh" {flame, rElec rF++
                  | Int-2 Dex-3}
 51961 | Elf:3    | Identified the +4 ring mail of the Quahog {rPois rC+ Dex+2}
 51962 | Elf:3    | Identified the cursed +0 kite shield of the Enchanted
                  | Forest {rElec Str+4 Dex-2 SInv}
 52038 | Elf:3    | Identified the +8 fustibalus of the Exiled Brambles
                  | {vorpal, Str+4} (You found it on level 3 of the Elven
                  | Halls)
 52146 | Elf:3    | Received a gift from Okawaru
 52155 | Elf:3    | Identified the +8 chain mail of the Quahog {rC+}
 52155 | Elf:3    | Identified the ring "Tecaul" {rElec rN+ Int+4 Stlth+}
 52540 | Elf:3    | Identified the +1 robe "Kofezoll" {rF+ MR++ Regen+ Dex-5}
                  | (You found it on level 3 of the Elven Halls)
 52773 | Depths:1 | Entered Level 1 of the Depths
 52784 | Depths:1 | Reached skill level 19 in Invocations
 52818 | Depths:1 | Found a gateway to Hell.
 52872 | Depths:1 | Reached XP level 21. HP: 172/172 MP: 23/34
 52957 | Depths:1 | Found a magical portal.
 52972 | WizLab   | Entered The Hall of the Hellbinder
 53015 | WizLab   | Received a gift from Okawaru
 53851 | WizLab   | Noticed Rodus
 53966 | WizLab   | Found a burning altar of Makhleb.
 53989 | WizLab   | Killed Rodus the Hellbinder
 53996 | WizLab   | Got a coiled platinum ring
 54187 | WizLab   | Identified the Reference Book on the Entourage
 54191 | WizLab   | Identified the ring "Orpheo Zokhy" {+Fly rF- MP+9 Str+4
                  | Dex+2} (You found it in a wizard's laboratory)
 54193 | WizLab   | Got a bound brass ring
 54195 | WizLab   | Identified the ring "Kat Zubu" {rF+ rN+ rCorr Int+3} (You
                  | found it in a wizard's laboratory)
 55025 | Depths:2 | Got a masterwork broad axe
 55026 | Depths:2 | Identified the +10 broad axe of Benevolence {vorpal, rF-
                  | Int+5} (You found it on level 2 of the Depths)
 55328 | Depths:2 | Received a gift from Okawaru
 55468 | Depths:2 | Found a one-way gate leading to the halls of Pandemonium.
 55534 | Depths:2 | Learned a level 2 spell: Swiftness
 55539 | Depths:2 | Learned a level 4 spell: Dispel Undead
 55543 | Depths:2 | Learned a level 3 spell: Call Canine Familiar
 55920 | Depths:2 | Reached skill level 1 in Summonings
 55964 | Depths:2 | Received a gift from Okawaru
 56031 | Depths:2 | Identified the +5 executioner's axe of Hacking and Slashing
                  | {vorpal, *Drain rN+ Int+2} (Okawaru gifted it to you on
                  | level 2 of the Depths)
 56068 | Depths:2 | Noticed a golden dragon
 56087 | Depths:2 | Killed a golden dragon
 56333 | Depths:2 | Received a gift from Okawaru
 57205 | Depths:2 | Noticed a juggernaut
 57243 | Depths:2 | Killed a juggernaut
 57243 | Depths:2 | Reached skill level 5 in Summonings
 57243 | Depths:2 | Gained mutation: When low on magic, you restore magic in
                  | place of health. [demonic ancestry]
 57243 | Depths:2 | Reached XP level 22. HP: 176/182 MP: 27/35
 57417 | Depths:2 | Found Kiqeenyo's Distillery.
 57422 | Depths:2 | Bought a potion of heal wounds for 85 gold pieces
 57422 | Depths:2 | Bought a potion of heal wounds for 85 gold pieces
 57422 | Depths:2 | Bought a potion of mutation for 136 gold pieces
 57422 | Depths:2 | Bought a potion of curing for 51 gold pieces
 57422 | Depths:2 | Bought a potion of curing for 51 gold pieces
 57422 | Depths:2 | Bought a potion of heal wounds for 85 gold pieces
 57682 | Depths:3 | Noticed a golden dragon
 57695 | Depths:3 | Killed a golden dragon
 57705 | Depths:3 | Reached skill level 20 in Invocations
 57809 | Depths:3 | Received a gift from Okawaru
 57875 | Depths:3 | Got a scorched pewter ring
 57877 | Depths:3 | Identified the ring "Peocogek" {MP+9 Stlth-} (You found it
                  | on level 3 of the Depths)
 58199 | Depths:3 | Got a slimy turquoise ring
 58201 | Depths:3 | Identified the ring "Ygreily" {rF+ Str+3 Slay+3} (You found
                  | it on level 3 of the Depths)
 59245 | Depths:4 | Noticed Xtahua
 59299 | Depths:4 | Found a one-way gate to the infinite horrors of the Abyss.
 59389 | Depths:4 | Received a gift from Okawaru
 59401 | Depths:4 | Identified the +6 broad axe of the Slashing Genius
                  | {protect, rElec Str-4 SInv} (Okawaru gifted it to you on
                  | level 4 of the Depths)
 59427 | Depths:4 | Noticed an ancient lich
 59428 | Depths:4 | Found a gateway to a ziggurat.
 59448 | Depths:5 | Entered Level 5 of the Depths
 59527 | Depths:5 | Noticed a golden dragon
 60193 | Depths:4 | Noticed a golden dragon
 60224 | Depths:4 | Killed a golden dragon
 60225 | Depths:4 | Received a gift from Okawaru
 60266 | Depths:4 | Paralysed by a floating eye for 3 turns
 60311 | Depths:4 | Killed Xtahua
 60494 | Depths:4 | Found a burning altar of Makhleb.
 60494 | Depths:4 | Found a runed translucent door.
 60508 | Depths:4 | Identified the ring "Cuakier" {rF++ Int+3 Dex-4 Slay+4}
 60511 | Depths:4 | Reached skill level 10 in Shields
 60530 | Depths:4 | Received a gift from Okawaru
 60533 | Depths:4 | Noticed a juggernaut
 60554 | Depths:4 | Identified the amulet "Heumowunt" {RegenMP rN+ SInv}
 60570 | Depths:4 | Killed a juggernaut
 60570 | Depths:4 | Gained mutation: You are somewhat able to resist unholy
                  | torments (1 in 2 success). [demonic ancestry]
 60570 | Depths:4 | Reached XP level 23. HP: 31/190 MP: 8/37
 60989 | Depths:4 | Identified the amulet "Qeresuofot" {rC+ Regen+ Int-2
                  | Stlth+}
 60991 | Depths:4 | Cast into level 2 of the Abyss (spriggan defender)
 61035 | Depths:4 | Escaped the Abyss
 61186 | Depths:4 | Acquired a manual of Staves
 61240 | Depths:4 | Got a sparkling ivory ring
 61242 | Depths:4 | Identified the ring "Oxosmur" {+Blink rF+ Slay+3} (You
                  | found it on level 4 of the Depths)
 61305 | Depths:4 | Found Cuexinaru's Jewellery Emporium.
 61305 | Depths:4 | Found Poet's Gadget Boutique.
 61308 | Depths:4 | Found Zorovizo's Jewellery Emporium.
 61766 | Hell     | Entered the Vestibule of Hell
 61766 | Hell     | Noticed Geryon
 62221 | Depths:5 | Reached skill level 10 in Summonings
 62265 | Depths:5 | Found a sparkling altar of Nemelex Xobeh.
 62304 | Depths:5 | Received a gift from Okawaru
 62348 | Depths:5 | Reached skill level 21 in Invocations
 62368 | Depths:5 | Found Ziysil's Gadget Shop.
 62374 | Depths:5 | Found Liddil's Assorted Antiques.
 62374 | Depths:5 | Found Leenororgh's General Store.
 62379 | Depths:5 | Found Ullis's Antique Weapon Boutique.
 62394 | Depths:5 | Bought a heavily runed platinum ring for 195 gold pieces
 62394 | Depths:5 | Identified the ring "Fuf Lewk" {rPois rC+} (You bought it
                  | in a shop on level 5 of the Depths)
 62401 | Depths:5 | Bought a scroll of identify for 38 gold pieces
 62401 | Depths:5 | Bought a scroll of teleportation for 57 gold pieces
 62401 | Depths:5 | Bought a scroll of teleportation for 57 gold pieces
 62850 | Depths:5 | Found a gate to the Realm of Zot.
 63073 | Depths:5 | Identified the +3 battleaxe of Circularity {protect, Int+5}
                  | (You found it on level 5 of the Depths)
 63475 | Shoals:1 | Entered Level 1 of the Shoals
 63489 | Shoals:1 | Found Sahoerch's General Store.
 63551 | Shoals:1 | Bought a scroll of identify for 32 gold pieces
 63630 | Shoals:1 | Found a runed translucent gate.
 63630 | Shoals:1 | Found a runed translucent gate.
 63630 | Shoals:1 | Found a runed translucent gate.
 63649 | Shoals:1 | Noticed ShutUppercut's ghost (adept SpEn)
 63672 | Shoals:1 | Killed ShutUppercut's ghost
 64669 | Shoals:2 | Noticed Donald
 64697 | Shoals:2 | Killed Donald
 64744 | Shoals:2 | Slain by an alligator snapping turtle

Illustrated notes

Levels and vault maps discovered:
D:1:      lightli_arrival_noodles, layout_loops_ring
D:2:      layout_basic, chequers_ecumenical_altar_island, elyvilon_altar_4
D:3:      minmay_bubble_buster, layout_loops_ring,
          nicolae_dithmenos_through_a_glass_darkly, minmay_stone_trees_medium,
          serial_bayou_lagoon_b
D:4:      layout_gridville
D:5:      cheibrodos_quashed, layout_basic, uniq_crazy_yiuf_cottage,
          uniq_prince_ribbit1, uniq_pikel
D:6:      layout_cave_pools, portal_sewer_entry_f, serial_bayou_lagoon_a,
          uniq_grinder
D:7:      layout_loops_cross, minmay_temple_entry_gardened_gates, serial_shops,
          kennysheep_little_box, wad_floor_pattern_1
D:8:      layout_cave_pools, gammafunk_ghost_grave
D:9:      layout_irregular_city, lemuel_coloured_pillars_altar, minitemple,
          erik_lair_dragon, hangedman_ranch [blue_anna_fruit_fields],
          uniq_maggie, uniq_joseph
D:10:     layout_loops_corners, uniq_maurice
D:11:     layout_irregular_city
D:12:     layout_long_grid, david_orc_5, uniq_nergalle
D:13:     layout_irregular_city, serial_rivers, chequers_serial_rivers_micro_d,
          chequers_serial_rivers_micro_c, chequers_serial_rivers_micro_e,
          chequers_serial_rivers_room_a, uniq_urug, uniq_frances
D:14:     layout_irregular_city, grunt_vaults_entry_fortified, eino_tiny_chamber
D:15:     grunt_enter_depths_snipers, layout_loops_corners, serial_bayou,
          serial_bayou_lake_a, serial_bayou_pond_a, serial_bayou_pond_d,
          serial_bayou_ford_a, serial_bayou_pond_c, hangedman_decor_lopped
Temple:   minmay_freezing_vapour_temple
Lair:1:   layout_regular_city, enter_volcano_1, grunt_megastairs_2
Lair:2:   layout_regular_city, palyth_hydra_swamp_entry, gammafunk_ghost_arena,
          minmay_lair_oklob_chamber
Lair:3:   layout_regular_city, uniq_gastronok
Lair:4:   layout_long_grid, minmay_shoals_entry_beasts, gammafunk_ghost_split,
          minivault_23, lemuel_fruit_fields, lemuel_fruit_tree
Lair:5:   layout_concentric_octagons, portal_ice_cave_entry_imps, st_stairs_5,
          chequers_serial_rivers_small_3
Lair:6:   minmay_lair_end_enchanted_forest, layout_cave_pods, slime_altar_1,
          serial_rivers, chequers_serial_rivers_micro_e,
          chequers_serial_rivers_micro_b, chequers_serial_rivers_micro_a,
          chequers_serial_rivers_micro_b, chequers_serial_rivers_large_a,
          chequers_serial_rivers_small_b
Swamp:1:  layout_falls_marsh, hangedman_swamp_lotus, uniq_nikola
Swamp:2:  layout_basic_swamp, serial_swamp_ruin, evilmike_swamp_ruin_house_2,
          evilmike_swamp_ruin_house_5, swamp_pool5, hangedman_swamp_ravenous
Swamp:3:  nicolae_swamp_phyte_club, layout_basic_swamp,
          infiniplex_staircase_pool_2
Swamp:4:  swamp_basic_johnstein, layout_basic_swamp,
          nicolae_swamp_alligator_family, infiniplex_staircase_pool
Shoals:1: layout_shoals, serial_shops, shop_coins, gammafunk_ghost_necromancy
Shoals:2: layout_shoals, serial_shops, nicolae_shop_statue_plus, uniq_roxanne,
          uniq_donald
Orc:1:    layout_caves
Orc:2:    grunt_orc_cross, layout_caves, serial_shops, nicolae_shop_waterfront
Elf:1:    layout_loops_corners, serial_shops, nicolae_shop_statue_plus,
          gammafunk_ghost_tricky_traps, hangedman_elf_represent
Elf:2:    layout_loops_corners, serial_shops, shop, serial_glass,
          glass_columns_a, glass_columns_b, due_unseen_surprise
Elf:3:    elf_hall_gauntlet_narrow, layout_gridlike, minmay_elf_sorcery
Vaults:1: nicolae_vaults_little_squares_6, hangedman_vaults_snaps,
          grunt_vaults_twisty, nicolae_vaults_fighting_squares,
          vaults_room_grunt_arrival_ludios, nicolae_vaults_little_squares_6,
          ontoclasm_vaults_gateway, nicolae_vaults_little_squares_4,
          layout_vaults_chaotic_city, basic_altar
Vaults:2: minmay_crypt_entry_simple_round, hangedman_vaults_corner_blocks,
          vaults_dpeg_spiral, grunt_vaults_focal, v_pattern_5,
          ontoclasm_vaults_ring_small, hangedman_vaults_restitches,
          nicolae_vaults_sealed_display, dpeg_vaults_monster_box,
          layout_vaults_omnigrid, uniq_asterion
Vaults:3: vaults_room_octagon, nicolae_vaults_circle_grid_b,
          nicolae_vaults_shelves_hall, ontoclasm_vaults_bender,
          grunt_vaults_hallway_short, nicolae_vaults_three_branches,
          ontoclasm_vaults_hangar, vaults_room_door_ring, vaults_mumra_chevron,
          nicolae_vaults_network_s, vaults_room_corners,
          grunt_vaults_hallway_long, nicolae_vaults_theta, layout_vaults_ring
Vaults:4: hangedman_vaults_maws, hangedman_vaults_slice, v_misc_30,
          vaults_mumra_hex, grunt_vaults_swirl, hangedman_vaults_nails,
          v_misc_14, special_room_vaults [special_room_orc],
          layout_vaults_maze_snakey, serial_shops, bzr_entry_road
Vaults:5: serial_shops
Depths:1: layout_cave_pools, pf_coc_iceberg, minmay_splitting_lines,
          mu_enter_wizlab_2, grunt_ministairs_1, minmay_tree_intersection,
          minmay_stone_trees_small, uniq_saint_roka
Depths:2: evilmike_diamond_1, layout_cave_pools, pan_entry, serial_bayou_pond_b,
          hell_entry, serial_shops, kennysheep_mini_moat,
          infiniplex_staircase_hallway_doors
Depths:3: hangedman_cross_cluster, layout_gridville, grunt_hell_entry_dis_grunt,
          rand_demon_pan_entry_1
Depths:4: minmay_the_grid_triangle_9x9_rhombus_full_mashed
          [minmay_the_grid_triangle_9x9_sprig,
          minmay_the_grid_triangle_9x9_shrine,
          minmay_the_grid_triangle_9x9_intruding_spiral,
          minmay_the_grid_triangle_9x9_descending_squares,
          minmay_the_grid_triangle_9x9_subtriangle,
          minmay_the_grid_triangle_9x9_swiss_cheese,
          minmay_the_grid_triangle_9x9_cache,
          minmay_the_grid_triangle_9x9_prize_special], layout_small_grid,
          enter_ziggurat_c, chequers_serial_rivers_micro_a, abyss_entry,
          pf_hell_entry_great_geh, minmay_shop_grove,
          infiniplex_staircase_trident, uniq_xtahua
Depths:5: evilmike_zot_entry_diamond, layout_cave_pools, lightli_too_deep,
          nemelex_xobeh_ov_fountains_minmay, rand_demon_pan_entry_5,
          minmay_shoptagon
Hell

Skill      XL: |  1  2  3  4  5  6  7  8  9 10 11 12 13 14 15 16 17 18 19 20 21 22 23 |
---------------+----------------------------------------------------------------------+-----
Axes           | 3 4 5 6 7 9 10 11 12 13 14 15 16 17 18 19 | 19.6
Dodging        | 3 4 5 6 7 8 9 10 11 12 13 | 13.2
Armour         | 1 2 3 4 5 6 7 8 9 |  9.8
Stealth        | 1 2 4 6 8 10 11 12 13 14 15 16 17 | 17.4
Fighting       | 3 4 5 6 7 9 10 11 12 13 14 15 16 17 18 | 18.4
Invocations    | 4 7 9 11 13 14 15 17 18 19 20 21 | 21.1
Shields        | 1 3 4 6 7 8 9 10 | 10.5
Summonings     | 5 9 11 | 11.1
Long Blades    | |  0.6
Throwing       | |  1.9
Unarmed Combat | |  0.5
Evocations     | |  0.3

Action                   |  1- 3 |  4- 6 |  7- 9 | 10-12 | 13-15 | 16-18 | 19-21 | 22-24 || total
-------------------------+-------+-------+-------+-------+-------+-------+-------+-------++-------
Melee: War axe           |    81 |   200 |    22 |       |   733 |  1380 |  1719 |  1192 ||  5327
       Hand axe          |       |       |   202 |   566 |   659 |       |       |       ||  1427
       Punch             |       |       |       |     3 |     6 |       |       |       ||     9
       Falchion          |       |       |       |     6 |       |       |       |       ||     6
       Unarmed           |       |       |       |       |       |       |    13 |       ||    13
Invok: Heroism           |       |       |       |     7 |    15 |    10 |    11 |     7 ||    50
       Finesse           |       |       |       |       |     1 |     2 |     1 |       ||     4
Evoke: Wand              |       |       |     1 |       |     3 |     1 |       |       ||     5
       Condenser vane    |       |       |       |       |       |       |       |     1 ||     1
  Use: Potion            |       |     1 |     1 |     4 |       |       |     5 |       ||    11
       Scroll            |       |       |     8 |    16 |    17 |    17 |    19 |     8 ||    85
 Stab: Sleeping          |     5 |    17 |    18 |    40 |    71 |    33 |    48 |    23 ||   255
       Distracted        |       |     1 |       |     1 |     9 |     6 |     6 |     6 ||    29
       Confused          |       |       |       |     1 |       |     3 |     4 |       ||     8
Armor: Leather armour    |    25 |    81 |    61 |    31 |       |       |       |       ||   198
       Steam dragon scal |       |       |       |   117 |    27 |       |       |       ||   144
       Ring mail         |       |       |       |       |   236 |   323 |   446 |   393 ||  1398
       Scale mail        |       |       |       |       |     1 |       |       |       ||     1
       Swamp dragon scal |       |       |       |       |       |    52 |       |       ||    52
       Skin              |       |       |       |       |       |       |     9 |       ||     9
Dodge: Dodged            |    61 |   135 |   136 |   382 |   721 |   773 |  1018 |   846 ||  4072
Block: Buckler           |       |       |       |       |   259 |   449 |   589 |   535 ||  1832

Table legend: (Time is in decaauts)
 A = Elapsed time spent in this place.
 B = Non-inter-level travel time spent in this place.
 C = Inter-level travel time spent in this place.
 D = Time resting spent in this place.
 E = Time spent auto-exploring this place.
 F = Levels seen in this place.
 G = Mean time per level.
                   A        B        C        D        E       F      G
               +--------+--------+--------+--------+--------+-----+--------+
         Total |  63553 |  59515 |   4038 |   8581 |  36776 |  51 | 1246.1 |
       Dungeon |  22329 |  20181 |   2148 |   2657 |  13336 |  15 | 1488.6 |
        Temple |     17 |     14 |      3 |      0 |     10 |   1 |   17.0 |
          Lair |   8534 |   7933 |    601 |    505 |   6116 |   6 | 1422.3 |
         Swamp |   5683 |   5436 |    247 |   1065 |   3138 |   4 | 1420.8 |
        Shoals |   1288 |   1274 |     14 |      0 |    883 |   2 |  644.0 |
  Orcish Mines |   2892 |   2766 |    126 |    998 |   1363 |   2 | 1446.0 |
   Elven Halls |   4302 |   4055 |    247 |    383 |   2521 |   3 | 1434.0 |
        Vaults |   6848 |   6501 |    347 |    281 |   4578 |   5 | 1369.6 |
        Depths |   8633 |   8330 |    303 |   1762 |   4140 |   5 | 1726.6 |
          Hell |      1 |      1 |      0 |      0 |      0 |   1 |    1.0 |
         Abyss |    389 |    389 |      0 |    116 |     40 |   2 |  194.5 |
        Bazaar |     48 |     48 |      0 |      0 |     38 |   1 |   48.0 |
         Sewer |    143 |    143 |      0 |      0 |     96 |   1 |  143.0 |
      Ice Cave |    765 |    765 |      0 |    195 |    282 |   1 |  765.0 |
       Volcano |    393 |    393 |      0 |    170 |      0 |   1 |  393.0 |
        Wizlab |   1279 |   1279 |      0 |    449 |    234 |   1 | 1279.0 |
               +--------+--------+--------+--------+--------+-----+--------+

Top non-repeatable levels by time:
    D:15: 3073 daAuts
    D:14: 3059 daAuts
Depths:2: 2459 daAuts
Depths:4: 2365 daAuts
     D:9: 2341 daAuts
 Swamp:4: 2051 daAuts
   Orc:2: 2008 daAuts
  Lair:6: 2005 daAuts
Vaults:2: 1997 daAuts
    D:10: 1990 daAuts
 Swamp:3: 1879 daAuts
  Lair:2: 1773 daAuts
Vaults:3: 1765 daAuts
    D:12: 1739 daAuts
Vaults:4: 1676 daAuts
